 Dungeon Crawl Stone Soup version 0.21-a0-404-g291f19a (webtiles) character file.

1653 theanonym the Summoner (level 9, -15/65 HPs)
             Began as a Barachi Summoner on Oct 31, 2017.
             Was a Follower of Sif Muna.
             Demolished by an orc warrior
             ... wielding a +0 trident
              (22 damage)
             ... on level 8 of the Dungeon.
             The game lasted 00:41:14 (9514 turns).

theanonym the Summoner (Barachi Summoner)           Turns: 9514, Time: 00:41:15

Health: -15/65     AC:  8    Str:  9    XL:     9   Next: 0%
Magic:  3/18       EV: 13    Int: 20    God:    Sif Muna [*.....]
Gold:   434        SH:  0    Dex: 12    Spells: 10/20 levels left

rFire    . . .     SeeInvis .   e - +2 dagger (venom)
rCold    . . .     Gourm    .   (no shield)
rNeg     . . .     Faith    .   a - +0 robe
rPois    .         Spirit   .   z - +2 hat
rElec    .         Reflect  .   h - +2 cloak
rCorr    .         Harm     .   u - +0 pair of gloves
MR       .....                  (no boots)
Stlth    ++........             A - amulet of regeneration
HPRegen  0.60/turn              (no ring)
MPRegen  0.16/turn              (no ring)

@: lethally poisoned (-15 -> -15), can't hop, very slightly contaminated, divine
energy, slow
A: +LOS, swims, slowness 1, strong legs 1
a: Hop, Stop Divine Energy, Renounce Religion


You were on level 8 of the Dungeon.
You worshipped Sif Muna.
Sif Muna was aware of your devotion.
You were not hungry.

You visited 2 branches of the dungeon, and saw 9 of its levels.

You collected 434 gold pieces.

Inventory:

Hand Weapons
 e - a +2 dagger of venom (weapon)
   (You found it on level 7 of the Dungeon)
Missiles
 i - 6 curare-tipped needles
 D - a throwing net (quivered)
Armour
 a - a +0 robe (worn)
 h - a +2 cloak (worn)
   (You found it on level 7 of the Dungeon)
 u - a +0 pair of gloves (worn)
   (You found it on level 4 of the Dungeon)
 z - a +2 hat (worn)
   (You found it on level 5 of the Dungeon)
Jewellery
 A - an amulet of regeneration (around neck)
   (You found it on level 5 of the Dungeon)
Wands
 s - a wand of flame (24/48)
   (You found it on level 3 of the Dungeon)
 t - a wand of iceblast (12/15)
   (You found it on level 4 of the Dungeon)
Scrolls
 d - 5 scrolls of teleportation {!r}
 g - 3 scrolls of blinking {unknown}
 k - a scroll of amnesia {unknown}
 l - a scroll of recharging {unknown}
 n - 2 scrolls of remove curse
 p - 3 scrolls of magic mapping {!r}
 r - 7 scrolls of identify
 x - a scroll of enchant weapon {unknown}
 y - 2 scrolls of random uselessness {unknown}
 B - a scroll of noise {unknown}
Potions
 j - a potion of heal wounds
 m - a potion of mutation {unknown}
 o - a potion of degeneration {unknown}
 w - a potion of agility {unknown}
 E - a potion of lignification {unknown}
Books
 b - a book of Callings

   Spells                             Type                      Level
   a - Summon Small Mammal            Summoning                    1
   b - Call Imp                       Summoning                    2
   c - Call Canine Familiar           Summoning                    3
   d - Summon Guardian Golem          Hexes/Summoning              3
   e - Summon Lightning Spire         Summoning/Air                4
   f - Summon Ice Beast               Ice/Summoning                4
Comestibles
 c - 4 bread rations
 f - 4 fruits
 v - a royal jelly


   Skills:
 - Level 3.8 Fighting
 - Level 3.4 Dodging
 - Level 1.7 Stealth
 + Level 6.2 Spellcasting
 * Level 8.6 Summonings
 * Level 6.1 Ice Magic
 + Level 1.9 Invocations


You had 10 spell levels left.
You knew the following spells:

 Your Spells              Type           Power        Failure   Level  Hunger
a - Summon Small Mammal   Summ           ####         1%          1    None
b - Call Imp              Summ           #####...     1%          2    None
c - Summon Ice Beast      Ice/Summ       #####...     4%          4    ####...
d - Call Canine Familiar  Summ           #####...     1%          3    ##.....


Dungeon Overview and Level Annotations

Branches:
Dungeon (8/15)             Temple (1/1) D:6
   Lair: D:8-11

Altars:
Ashenzari
Cheibriados
Dithmenos
Elyvilon
Gozag
Hepliaklqana
Kikubaaqudgha
Makhleb
Nemelex Xobeh
Okawaru
Qazlal
Ru
Sif Muna
Trog
Uskayaw
Vehumet
Wu Jian
Xom
Yredelemnul
Zin
The Shining One


Innate Abilities, Weirdness & Mutations

Shadows flee at your approach. (+LOS)
You can swim through water.
You cover ground slowly.
You can hop short distances.


Message History

Unknown command.
What are your orders? t - Ribbit!
Orders for allies: a - Attack new target. r - Retreat! s - Stop attacking. g - Guard the area. f - Follow me.
Anything else - Cancel.
Gang up on whom?
Aim: a scorpion (severely wounded) Attack!
The scorpion barely misses your ice beast.
The orc closely misses you. Something hits your ice beast.
Your ice beast closely misses the orc.
Your ice beast hits the scorpion.
Your ice beast freezes the scorpion!
The scorpion dies!
Sif Muna accepts your kill. What are your orders? t - Ribbit!
Orders for allies: a - Attack new target. r - Retreat! s - Stop attacking. g - Guard the area. f - Follow me.
Anything else - Cancel.
Gang up on whom?
Aim: an orc warrior, wielding a trident and wearing a plate armour Attack!
Something barely misses your ice beast.
Your ice beast misses the orc warrior.
Your ice beast hits the orc warrior but does no damage.
What are your orders? t - Ribbit!
Orders for allies: a - Attack new target. p - Attack previous target. r - Retreat! s - Stop attacking. g - Guard the area. f - Follow me.
Anything else - Cancel.
Gang up on whom?
Aim: an orc wizard, wielding a dagger of venom and wearing a robe Attack!
Your ice beast hits your ice beast but does no damage.
Your ice beast hits the orc warrior but does no damage.
Your ice beast hits the orc but does no damage.
The orc warrior hits you from afar with a trident.
The orc wizard hits you but does no damage.
You are poisoned.
You take 6 damage, and have 54/60 hp.
You hit the orc wizard.
The orc wizard is poisoned.
You feel sick. The orc misses you.
Something hits your ice beast but does no damage.
Your ice beast hits the orc but does no damage.
The orc wizard gestures at you while chanting.
You are confused.
It was a potion of heal wounds.
You feel much better.
You feel sick.
The orc warrior hits you from afar with a trident!!
The orc barely misses you.
Your ice beast hits the orc wizard.
Your ice beast freezes the orc wizard.
Something hits your ice beast but does no damage.
The orc wizard closely misses you.
Your ice beast hits the orc.
Your ice beast freezes the orc!
The orc dies!
Sif Muna accepts your kill.
You take 14 damage, and have 40/60 hp.
MASSIVE DAMAGE!!
Unknown command.
You feel sick.
The orc warrior hits you from afar with a trident.
Your ice beast hits the orc wizard but does no damage.
Your ice beast closely misses something.
The orc wizard hits your ice beast but does no damage.
In your confused state, you trip and fall back down the stairs.
The orc warrior hits you from afar with a trident!
* * * LOW HITPOINT WARNING * * *
Your ice beast hits the orc wizard.
Your ice beast freezes the orc wizard!
The orc wizard dies!
Sif Muna accepts your kill.
You have reached level 9!
Your experience leads to an increase in your attributes!
Increase (S)trength, (I)ntelligence, or (D)exterity?
You feel clever.
Something hits your ice beast but does no damage.
Your ice beast hits the orc warrior but does no damage.
You take 16 damage, and have 24/65 hp.
MASSIVE DAMAGE!!
You feel sick.
The orc warrior hits you from afar with a trident.
* * * LOW HITPOINT WARNING * * *
Something hits your ice beast.
Your ice beast hits the orc warrior but does no damage.
In your confused state, you trip and fall back down the stairs.
* * * LOW HITPOINT WARNING * * *
You feel less confused.
You feel sick.
Your ice beast seems less confused.
The orc warrior hits you from afar with a trident!
* * * LOW HITPOINT WARNING * * *
Something hits your ice beast but does no damage.
Your ice beast hits the orc warrior but does no damage.
You take 18 damage, and have 6/65 hp.
MASSIVE DAMAGE!!
Hop to where?
Boing!
The orc warrior hits you from afar with a trident!!
You die...

###.._.#
#.......#
#.......#
##.......##
#.........##
###..........#
#.#./Y........
##...o{.......
#..@.Y).......
##.Y.ยง........
#........?...
##..........#
##.........#
##.........
##....##..
##### #


You could see an orc warrior and 3 friendly ice beasts.

Vanquished Creatures
  A howler monkey (D:5)
  A centaur zombie (D:5)
  A hound (D:4)
  2 orc wizards
  Natasha (D:3)
  2 worker ants (D:5)
  A hound zombie (D:6)
  A gnoll (D:6)
  An adder (D:3)
  2 oozes
  A worm (D:5)
  2 leopard geckos
  3 orcs
  2 giant cockroaches
  A hobgoblin (D:3)
  9 jackals
  A quokka (D:7)
  4 frilled lizards
  A kobold (D:1)
  2 leopard gecko skeletons
  A quokka skeleton (D:5)
  2 rats
42 creatures vanquished.

Vanquished Creatures (collateral kills)
  The ghost of Protee the Chiller, a novice MfIE (D:7)
  Duvessa (D:7)
  An ice beast (D:5)
  2 phantoms
  3 orc warriors
  4 ogres
  2 centaurs
  Blork the orc (D:6)
  A big kobold (D:7)
  2 bullfrogs
  Dowan (D:7)
  A scorpion (D:8)
  A howler monkey (D:4)
  2 crimson imps (D:5)
  2 orc wizards
  A jelly (D:7)
  A hound (D:7)
  5 orc priests
  An iguana (D:6)
  2 worker ants
  2 worker ant zombies
  6 adders
  2 gnolls (D:6)
  3 river rats (D:6)
  2 shadow imps
  A dart slug (D:3)
  3 worms
  A leopard gecko (D:3)
  22 orcs
  3 giant cockroaches
  6 goblins
  6 hobgoblins
  2 jackals
  11 kobolds
  5 bats
  5 frilled lizards
  A leopard gecko skeleton (D:6)
  2 rats
  A plant (D:6)
119 creatures vanquished.

Grand Total: 161 creatures vanquished

Notes
Turn   | Place    | Note
-------+----------+-------------------------------------------
     0 | D:1      | theanonym the Barachi Summoner began the quest for the Orb.
     0 | D:1      | Reached XP level 1. HP: 13/13 MP: 3/3
   459 | D:1      | Reached skill level 5 in Summonings
   573 | D:1      | Reached XP level 2. HP: 9/20 MP: 3/5
   772 | D:1      | theanonym: !lg * urune=15 class=summoner s=god
   772 | D:1      | beem: 239 games for * (urune=15 class=summoner): 76x Sif Muna, 23x Ashenzari, 23x Gozag, 22x The Shining One, 16x Makhleb, 15x Vehumet, 10x Zin, 10x Kikubaaqudgha, 8x, 7x Okawaru, 7x Cheibriados, 6x Hepliaklqana, 5x Ru, 4x Yredelemnul, 2x Lugonu, Trog, Dithmenos, Nemelex Xobeh, Jiyva, Qazlal
   825 | D:1      | Learned a level 2 spell: Call Imp
  1071 | D:1      | Reached skill level 1 in Fighting
  1352 | D:1      | Reached XP level 3. HP: 17/26 MP: 4/7
  2061 | D:3      | Reached skill level 3 in Spellcasting
  2209 | D:3      | Found a shadowy altar of Dithmenos.
  2296 | D:3      | Reached XP level 4. HP: 33/33 MP: 8/8
  2418 | D:3      | Found a stormy altar of Qazlal.
  2420 | D:3      | Found a basalt altar of Yredelemnul.
  2512 | D:3      | Noticed Natasha
  2528 | D:3      | Killed Natasha
  2528 | D:3      | Reached skill level 2 in Fighting
  2627 | D:4      | Learned a level 4 spell: Summon Ice Beast
  2749 | D:4      | Found a glowing golden altar of the Shining One.
  2807 | D:4      | Reached XP level 5. HP: 31/38 MP: 5/10
  2866 | D:4      | Reached skill level 1 in Ice Magic
  2894 | D:4      | Reached skill level 6 in Summonings
  3022 | D:4      | Noticed an ogre
  3043 | D:4      | Killed an ogre
  3133 | D:4      | Noticed an ogre
  3143 | D:4      | Killed an ogre
  3143 | D:4      | Reached skill level 4 in Spellcasting
  3143 | D:4      | Reached skill level 2 in Ice Magic
  3143 | D:4      | Reached XP level 6. HP: 46/46 MP: 1/12
  3392 | D:4      | Noticed a phantom
  3480 | D:4      | Killed a phantom
  3819 | D:5      | Entered Level 5 of the Dungeon
  4241 | D:5      | Noticed a phantom
  4317 | D:5      | Killed a phantom
  4317 | D:5      | Reached skill level 3 in Fighting
  4317 | D:5      | Reached skill level 3 in Dodging
  4317 | D:5      | Reached skill level 3 in Ice Magic
  4317 | D:5      | Reached XP level 7. HP: 45/52 MP: 6/13
  4810 | D:5      | Found a glowing golden altar of the Shining One.
  5021 | D:5      | Found a white marble altar of Elyvilon.
  5357 | D:5      | Reached skill level 7 in Summonings
  5448 | D:5      | HP: 9/52 [orc warrior/long sword (15)]
  5695 | D:6      | Noticed Blork the orc
  5749 | D:5      | Reached skill level 5 in Spellcasting
  5749 | D:5      | Reached skill level 4 in Ice Magic
  5875 | D:6      | Killed Blork the orc
  6077 | D:6      | Reached XP level 8. HP: 37/60 MP: 1/15
  6671 | D:6      | Found a shimmering altar of Xom.
  6780 | D:6      | Found a staircase to the Ecumenical Temple.
  6787 | Temple   | Entered the Ecumenical Temple
  6891 | Temple   | Became a worshipper of Sif Muna the Loreminder
  6984 | D:6      | Learned a level 3 spell: Call Canine Familiar
  7619 | D:7      | Noticed Dowan
  7623 | D:7      | Noticed Duvessa
  7996 | D:7      | Killed Duvessa
  7996 | D:7      | Reached skill level 5 in Ice Magic
  8009 | D:7      | Killed Dowan
  8267 | D:7      | Reached skill level 1 in Invocations
  8319 | D:7      | Reached * piety under Sif Muna
  8635 | D:7      | Noticed Protee's ghost (novice MfIE)
  8656 | D:7      | Killed Protee's ghost
  8656 | D:7      | Reached skill level 6 in Spellcasting
  8656 | D:7      | Reached skill level 8 in Summonings
  9002 | D:7      | Reached skill level 6 in Ice Magic
  9511 | D:8      | Reached XP level 9. HP: 24/65 MP: 3/18
  9513 | D:8      | HP: 6/65 [orc warrior/trident (13)]
  9514 | D:8      | Found a snail-covered altar of Cheibriados.
  9514 | D:8      | Demolished by an orc warrior

Vault maps used:
D:1:      matt_arrival_debris, minmay_misc_feat_columns
D:3:      nicolae_dithmenos_through_a_glass_darkly, grunt_temple_overflow_open,
          first_bread, minivault_11, st_stairs_12, hangedman_feature_mirror,
          uniq_natasha
D:4:      nicolae_tso_carved_into_rock
D:5:      kennysheep_mini_moat, kennysheep_mini
D:6:      wad_woods_settlement, temple_green, xom_teletrap_fun,
          uniq_blork_the_orc
D:7:      uniq_duvessa
D:8:      cheibriados_altar_1, lair_entry_dummy
Temple:   regret_index_temple_waves

Skill      XL: |  1  2  3  4  5  6  7  8 |
---------------+-------------------------+-----
Summonings     | 5 6 7 8 |  8.6
Fighting       | 1 2 3 |  3.8
Spellcasting   | 3 4 5 6 |  6.2
Ice Magic      | 2 3 4 6 |  6.1
Dodging        | 3 |  3.4
Invocations    | 1 |  1.9
Stealth        | |  1.7

Action                   |  1- 3 |  4- 6 |  7- 9 || total
-------------------------+-------+-------+-------++-------
Melee: Unarmed           |    39 |       |       ||    39
       Short sword       |    24 |       |       ||    24
       Whip              |    17 |       |       ||    17
       Dagger            |    22 |   109 |    87 ||   218
 Cast: Summon Small Mamm |     9 |    23 |     7 ||    39
       Call Imp          |    30 |    65 |   198 ||   293
       Call Canine Famil |       |       |    15 ||    15
       Summon Ice Beast  |       |       |    11 ||    11
Invok: Divine Energy     |       |       |     1 ||     1
 Abil: Hop               |       |       |     3 ||     3
  Use: Potion            |       |     2 |     5 ||     7
       Scroll            |       |       |     4 ||     4
 Stab: Sleeping          |     3 |     2 |     1 ||     6
       Distracted        |       |     2 |     2 ||     4
  Eat: Chunk             |     7 |     8 |     7 ||    22
       Bread ration      |       |       |     3 ||     3
       Meat ration       |       |       |     1 ||     1
Armor: Robe              |    22 |    12 |    24 ||    58
Dodge: Dodged            |    97 |    75 |    93 ||   265

Table legend:
 A = Spawn XP
 B = Non-spawn XP
 C = Spawn XP percentage of total XP
 D = Spawn monster count
 E = Non-spawn monster count
 F = Spawn count percentage of total count
 G = Total turns spent on level
                    A         B        C        D         E        F      G
               +---------+---------+-------+---------+---------+-------+---------
         Total |       0 |    2362 |   0.0 |       0 |     160 |   0.0 |  9514
               +---------+---------+-------+---------+---------+-------+---------
           D:1 |       0 |      34 |   0.0 |       0 |      21 |   0.0 |  1388
           D:2 |       0 |      18 |   0.0 |       0 |      10 |   0.0 |   653
           D:3 |       0 |      76 |   0.0 |       0 |      26 |   0.0 |   567
           D:4 |       0 |     352 |   0.0 |       0 |      20 |   0.0 |  1211
           D:5 |       0 |     605 |   0.0 |       0 |      26 |   0.0 |  1949
           D:6 |       0 |     343 |   0.0 |       0 |      26 |   0.0 |  1777
           D:7 |       0 |     876 |   0.0 |       0 |      28 |   0.0 |  1829
           D:8 |       0 |      58 |   0.0 |       0 |       3 |   0.0 |    16
               +---------+---------+-------+---------+---------+-------+---------
